 Dungeon Crawl Stone Soup version 0.30.1-3-gfc49f6343a (webtiles) character file.

Game seed: 9165261026596191903

29613 Creatimnix the Severer (level 13, -11/177 HPs)
             Began as a Minotaur Berserker on July 28, 2023.
             Was a High Priest of Trog.
             Mangled by Frances
             ... wielding a +0 short sword
              (12 damage)
             ... on level 14 of the Dungeon.
             The game lasted 00:27:13 (14646 turns).

Creatimnix the Severer (Minotaur Berserker)        Turns: 14646, Time: 00:27:13

Health: -11/177    AC: 21    Str: 34    XL:     13   Next: 16%
Magic:  12/12      EV: 10    Int:  4    God:    Trog [*****.]
Gold:   875        SH:  0    Dex:  9    Spells: 12/12 levels left

rFire   . . .        a - +1 executioner's axe (heavy)
rCold   . . .        (shield currently unavailable)
rNeg    . . .        C - +2 plate armour
rPois   .            h - +1 hat
rElec   .            s - +0 cloak
rCorr   .            n - +0 pair of gloves
SInv    .            (no boots)
Will    .....        g - amulet of magic regeneration Stlth
                     j - ring of flight
HPRegen 0.49/turn    m - +6 ring of strength
MPRegen 0.53/turn

%: no passive effects
@: berserking, flying, unable to read, very quick
A: horns 2, retaliatory headbutt, inability to read after injury 1
a: Renounce Religion, Berserk, Trog's Hand, Brothers in Arms


You were on level 14 of the Dungeon.
You worshipped Trog.
Trog was extremely pleased with you.
You visited 1 branch of the dungeon, and saw 14 of its levels.
You also visited: Bailey.

You collected 875 gold pieces.

Inventory:

Hand Weapons
 a - a +1 heavy executioner's axe (weapon)
 E - a +0 short sword
Missiles
 d - 42 poisoned darts (quivered)
 l - 3 javelins
 p - 2 datura-tipped darts
 q - 3 atropa-tipped darts
 F - a curare-tipped dart
Armour
 h - a +1 hat (worn)
 n - a +0 pair of gloves (worn)
 s - a +0 cloak (worn)
 C - a +2 plate armour (worn)
Jewellery
 g - an amulet of magic regeneration (around neck)
 i - an amulet of guardian spirit
 j - a ring of flight (left hand)
 k - a ring of willpower
 m - a +6 ring of strength (right hand)
 A - a ring of protection from cold
Wands
 r - a wand of iceblast (9)
 w - a wand of mindburst (24)
 y - a wand of acid (5)
 G - a wand of polymorph (2)
Scrolls
 b - 3 scrolls of blinking
 f - a scroll of brand weapon
 o - 8 scrolls of teleportation
 t - 2 scrolls of identify
 v - 3 scrolls of magic mapping
 x - a scroll of fear
 D - a scroll of butterflies
 H - a scroll of fog
Potions
 c - 2 potions of magic
 e - 4 potions of curing
 u - a potion of cancellation
 z - a potion of invisibility


   Skills:
 + Level 12.1 Fighting
 + Level 18.2 Axes
 + Level 1.3 Throwing
 + Level 12.2 Armour
 + Level 6.9 Dodging
 + Level 3.1 Stealth
 + Level 6.6 Shields


You had 12 spell levels left.
You didn't know any spells.
Your spell library was empty.

Dungeon Overview and Level Annotations

Branches:
Dungeon (14/15)            Temple (0/1) D:7            Lair (0/5) D:11
    Orc (0/2) D:11         Vaults (0/5) D:13         Bailey (visited)

Altars:
Makhleb
Ru

Shops:
D:8 (   D:10 *

Annotations:
D:9 3 runed translucent doors, suzumiya's ghost, novice TrGl
D:14 Frances


Innate Abilities, Weirdness & Mutations

You have a pair of horns on your head.
You reflexively headbutt those who attack you in melee.
You occasionally lose the ability to read scrolls when taking damage.


Message History

You kill the sixfirhy!
The sixfirhy disappears in a puff of smoke!
You slice Frances!! Frances closely misses you. You furiously retaliate!
You headbutt Frances!!
Unknown command.
You barely miss the sun demon. Your headbutt misses the sun demon.
You slice Frances like a ripe choko!!! Frances barely misses you.
The sun demon hits you but does no damage.
You chop the sun demon into pieces!!!
The sun demon is almost dead.
You slash Frances!
Frances looks more healthy.
Frances hits you with a +0 short sword! The sun demon hits you!
You are engulfed in flames!!
* * * LOW HITPOINT WARNING * * *
Frances screams a word of power!
The sun demon hits you.
* * * LOW HITPOINT WARNING * * *
You are engulfed in flames!
* * * LOW HITPOINT WARNING * * *
You slash Frances!
Frances is severely wounded.
You carve the sun demon like a ham!!!
You kill the sun demon!
The sun demon disappears in a puff of smoke!
You chop the rust devil into pieces!!!
Frances mutters in a terrible tongue.
The iron shot hits you!!
You feel threatened and lose the ability to read scrolls!
* * * LOW HITPOINT WARNING * * *
You slash Frances!
Frances is almost dead.
You chop the rust devil into pieces!!!
You kill the rust devil!
The rust devil disappears in a puff of smoke!
You slash the ufetubus!
You feel the power of Trog in you as your rage grows.
You kill the ufetubus!
The ufetubus disappears in a puff of smoke!
Frances hits you with a +0 short sword!
You die...

..# #########..#
.......((..# ........5.(
.................53
...............§§§
...............@§#
..........#####§@#
..........#...#.§#
..........#...+..#
..........#...#..########
..........#...'..........
##.#'####.#...#..........
#.#....#.#.!.#..#######.
#)#....#.#####..#
##.#....#........#


You could see Frances (fast).

Vanquished Creatures
  An orc warlord (Bailey)
  The ghost of rozman the Nimble, a journeyman MfBr of Makhleb (D:12)
  Erica (D:10)
  2 centaur warriors (D:13)
  2 two-headed ogres
  A tengu warrior (D:14)
  Nergalle (D:10)
  A deep elf zephyrmancer (D:13)
  A deep elf pyromancer (D:13)
  2 orc knights
  The ghost of erynZofia the Thaumaturge, a novice DECj of Vehumet (D:7)
  3 ugly things
  3 cyclopes
  A rime drake (D:11)
  An unseen horror (D:12)
  Maggie (D:10)
  A gargoyle (D:12)
  Psyche (D:9)
  3 kobold demonologists (D:12)
  An efreet (D:13)
  2 trolls
  A polar bear (D:11)
  A hornet (D:9)
  Grinder (D:3)
  2 shadows
  35 yaks
  2 wyverns
  4 wraiths
  16 humans (D:13)
  7 vampire mosquitoes
  6 steam dragons
  4 acid dragons
  Duvessa (D:7)
  A water moccasin (D:5)
  6 ice beasts
  2 sky beasts
  18 orc warriors
  A wolf (D:11)
  A centaur (D:11)
  2 phantoms (D:7)
  7 kobold brigands
  A bullfrog (D:6)
  2 scorpions
  Dowan (D:7)
  17 killer bees
  4 howler monkeys
  3 jellies
  Crazy Yiuf (D:3)
  2 gnoll boudas
  3 orc priests
  5 hounds
  2 sleepcaps
  17 orc wizards
  10 adders
  18 gnolls
  A white imp (D:5)
  2 ufetubi
  2 dart slugs (D:3)
  24 orcs
  8 ball pythons
  7 endoplasms
  4 giant cockroaches
  19 goblins
  16 hobgoblins
  11 jackals
  20 kobolds
  A quokka (D:2)
  5 bats
  7 rats
362 creatures vanquished.

Vanquished Creatures (others)
  A jackal (D:4)
1 creature vanquished.

Grand Total: 363 creatures vanquished

Notes
Turn   | Place    | Note
-------+----------+-------------------------------------------
     0 | D:1      | Creatimnix the Minotaur Berserker began the quest for the
                  | Orb.
     0 | D:1      | Reached XP level 1. HP: 19/19 MP: 0/0
    53 | D:1      | Reached skill level 4 in Axes
    53 | D:1      | Reached XP level 2. HP: 24/27 MP: 1/1
   149 | D:1      | Found a faded altar of an unknown god.
   906 | D:2      | Reached XP level 3. HP: 22/33 MP: 2/2
   977 | D:2      | Reached ** piety under Trog
  1622 | D:2      | Gained mutation: You occasionally lose the ability to read
                  | scrolls when taking damage. [potion of mutation]
  1678 | D:3      | Reached XP level 4. HP: 26/41 MP: 3/3
  1839 | D:3      | Noticed Grinder
  1849 | D:3      | Killed Grinder
  1850 | D:3      | Reached skill level 5 in Fighting
  1850 | D:3      | Reached skill level 6 in Axes
  1850 | D:3      | Reached skill level 1 in Stealth
  1850 | D:3      | Reached XP level 5. HP: 39/48 MP: 4/4
  1850 | D:3      | Reached XP level 6. HP: 45/56 MP: 5/5
  2165 | D:3      | Reached skill level 1 in Shields
  2411 | D:3      | Found a runed translucent door.
  2412 | D:3      | Noticed Crazy Yiuf
  2698 | D:3      | Killed Crazy Yiuf
  4026 | D:5      | Entered Level 5 of the Dungeon
  4028 | D:5      | Noticed an ice beast
  4040 | D:5      | Killed an ice beast
  4041 | D:5      | Reached XP level 7. HP: 37/61 MP: 6/6
  4163 | D:5      | Reached *** piety under Trog
  4176 | D:5      | Reached skill level 7 in Axes
  5010 | D:6      | Noticed a steam dragon
  5017 | D:6      | Killed a steam dragon
  5018 | D:6      | Reached skill level 5 in Dodging
  5018 | D:6      | Reached XP level 8. HP: 70/70 MP: 5/7
  5215 | D:6      | Reached skill level 8 in Axes
  5748 | D:7      | Found a transporter.
  5748 | D:7      | Noticed erynZofia's ghost (novice DECj)
  5801 | D:7      | Killed erynZofia's ghost
  5802 | D:7      | Reached skill level 9 in Axes
  5802 | D:7      | Reached skill level 5 in Shields
  5802 | D:7      | Reached XP level 9. HP: 78/78 MP: 6/8
  5812 | D:7      | Found a transporter.
  6041 | D:7      | Found a flagged portal.
  6055 | Bailey   | Entered a bailey
  6589 | Bailey   | Noticed an orc knight
  6607 | Bailey   | Killed an orc knight
  6607 | Bailey   | Reached **** piety under Trog
  6608 | Bailey   | Reached skill level 10 in Axes
  6612 | Bailey   | Reached skill level 5 in Armour
  6842 | Bailey   | Noticed an orc warlord
  6866 | Bailey   | Killed an orc warlord
  6867 | Bailey   | Reached skill level 11 in Axes
  6867 | Bailey   | Reached XP level 10. HP: 48/88 MP: 3/9
  7255 | D:7      | Found a staircase to the Ecumenical Temple.
  7283 | D:7      | Noticed Duvessa
  7284 | D:7      | Noticed Dowan
  7286 | D:7      | Killed Duvessa
  7287 | D:7      | Reached skill level 12 in Axes
  7288 | D:7      | Killed Dowan
  7563 | D:7      | Acquired a +0 heavy executioner's axe
  7744 | D:8      | Identified the +5 dagger "Gaffulel" {heavy, Fragile rPois
                  | Dex+6}
  8032 | D:8      | Reached skill level 13 in Axes
  8330 | D:8      | Found Bueceal's Antique Weapon Shop.
  8845 | D:9      | Reached XP level 11. HP: 76/97 MP: 10/10
  8852 | D:9      | Reached skill level 14 in Axes
  8937 | D:9      | Reached ***** piety under Trog
  9546 | D:9      | Found a runed translucent gate.
  9546 | D:9      | Found a runed translucent gate.
  9546 | D:9      | Found a runed translucent gate.
  9547 | D:9      | Noticed a nine-headed hydra
  9547 | D:9      | Noticed suzumiya's ghost (novice TrGl)
  9548 | D:9      | Noticed a ten-headed hydra
  9599 | D:9      | Noticed Psyche
  9615 | D:9      | Killed Psyche
  9851 | D:10     | Entered Level 10 of the Dungeon
  9928 | D:10     | Noticed Maggie
  9934 | D:10     | Killed Maggie
 10177 | D:10     | Found Cabe's CLEARANCE SALE!.
 10198 | D:10     | Noticed Nergalle
 10203 | D:10     | Killed Nergalle
 10454 | D:10     | Found a burning altar of Makhleb.
 10465 | D:10     | Found a sacrificial altar of Ru.
 10542 | D:10     | Noticed a two-headed ogre
 10548 | D:10     | Killed a two-headed ogre
 10728 | D:10     | Noticed Erica
 10731 | D:10     | Paralysed by Erica for 3 turns
 10744 | D:10     | Killed Erica
 10745 | D:10     | Reached skill level 10 in Fighting
 10745 | D:10     | Reached skill level 15 in Axes
 11172 | D:11     | Noticed a brown ugly thing
 11183 | D:11     | Killed a brown ugly thing
 11184 | D:11     | Reached skill level 10 in Armour
 11246 | D:11     | Found a staircase to the Lair.
 11265 | D:11     | Noticed a brown ugly thing
 11272 | D:11     | Killed a brown ugly thing
 11301 | D:11     | Received a gift from Trog
 11586 | D:11     | Reached XP level 12. HP: 104/107 MP: 11/11
 11792 | D:11     | Reached skill level 16 in Axes
 11915 | D:11     | Found a staircase to the Orcish Mines.
 12496 | D:12     | Noticed rozman's ghost (journeyman MfBr)
 12497 | D:12     | Found a runed translucent door.
 12516 | D:12     | Killed rozman's ghost
 13025 | D:12     | Reached skill level 17 in Axes
 14013 | D:13     | Reached skill level 1 in Throwing
 14017 | D:13     | Noticed a centaur warrior
 14023 | D:13     | Noticed a two-headed ogre
 14030 | D:13     | Killed a centaur warrior
 14033 | D:13     | Killed a two-headed ogre
 14036 | D:13     | Reached XP level 13. HP: 30/117 MP: 12/12
 14045 | D:13     | Reached skill level 18 in Axes
 14160 | D:13     | Found a gate to the Vaults.
 14634 | D:14     | Noticed Frances
 14645 | D:14     | HP: 1/177 [Frances/iron shot (25)]
 14646 | D:14     | Mangled by Frances

Illustrated notes

Levels and vault maps discovered:
D:1:      psy_arrival_whirlpool, layout_basic,
          shapermc_ecumenical_altar_acropolis, corexii_hall_statues_s,
          chequers_big_river
D:2:      layout_rooms, dk_noncrumbling_2, hangedman_decor_lopped
D:3:      layout_loops_ring, uniq_grinder, uniq_crazy_yiuf_cottage
D:4:      layout_cave_pods, hangedman_decor_opposing, kennysheep_generic_room_8
D:5:      layout_rooms
D:6:      layout_gridville
D:7:      layout_loops_ring, temple_hall, enter_bailey_1, serial_rivers,
          chequers_serial_rivers_micro_e, chequers_serial_rivers_large_a,
          chequers_serial_rivers_micro_c, chequers_serial_rivers_micro_b,
          chequers_serial_rivers_small_a, gammafunk_ghost_arena, uniq_duvessa
D:8:      layout_loops_corners, serial_shops, nicolae_lakefront_shop
D:9:      layout_small_grid, gammafunk_ghost_hydra_chop, nicolae_hexahallways,
          uniq_psyche
D:10:     layout_loops_ring, amethyst_overflow_temple_binary,
          nicolae_shop_clearance, uniq_maggie, uniq_nergalle, uniq_erica
D:11:     layout_long_grid, hellmonk_lair_entry_icy, david_orc_4
D:12:     layout_roguey, hellmonk_ghost_happy_afterlife
D:13:     layout_roguey, david_vaults_3
D:14:     layout_irregular_city, minmay_misc_feat_pillars, uniq_louise,
          uniq_frances

Skill      XL: |  1  2  3  4  5  6  7  8  9 10 11 12 13 |
---------------+----------------------------------------+-----
Axes           | 4 6 7 9 11 13 15 17 18 | 18.2
Fighting       | 4 5 6 8 9 10 11 12 | 12.1
Dodging        | 3 4 5 6 |  6.9
Stealth        | 1 2 3 |  3.1
Shields        | 2 3 5 6 |  6.6
Armour         | 3 6 7 10 12 | 12.2
Throwing       | 1 |  1.3

Action                     |  1- 3 |  4- 6 |  7- 9 | 10-12 | 13-15 || total
---------------------------+-------+-------+-------+-------+-------++-------
  Melee: Hand axe          |    78 |    88 |   235 |     9 |       ||   410
         Headbutt          |     8 |    15 |    34 |    45 |     3 ||   105
         Executioner's axe |       |       |       |   288 |    29 ||   317
         Battleaxe         |       |       |       |    32 |       ||    32
  Throw: Dart              |       |       |       |     4 |     4 ||     8
 Invoke: Berserk           |       |     2 |     6 |     8 |     1 ||    17
         Trog's Hand       |       |       |       |     1 |       ||     1
    Use: Scroll            |     6 |     6 |     5 |     8 |       ||    25
         Potion            |     3 |     1 |     1 |     8 |     3 ||    16
   Stab: Sleeping          |     1 |     2 |     1 |       |       ||     4
 Armour: Animal skin       |    22 |    22 |    21 |       |       ||    65
         Chain mail        |       |       |    27 |     1 |       ||    28
         Scale mail        |       |       |     5 |       |       ||     5
         Plate armour      |       |       |       |   349 |    51 ||   400
  Dodge: Dodged            |    57 |    64 |    72 |   265 |    31 ||   489
  Block: Kite shield       |     4 |    47 |    84 |     3 |       ||   138
